 Dungeon Crawl Stone Soup version 0.29-a0-384-g6960b1960d (webtiles) character file.

Game seed: 11310935757046838399

158 porpoise the Skirmisher (level 5, -2/29 HPs)
             Began as a Vine Stalker Fighter on May 8, 2022.
             Slain by a gnoll
             ... wielding a +0 halberd
              (6 damage)
             ... on level 3 of the Dungeon.
             The game lasted 00:06:53 (2706 turns).

porpoise the Skirmisher (Vine Stalker Fighter)      Turns: 2706, Time: 00:06:53

Health: -2/29      AC:  7    Str: 19    XL:     5   Next: 40%
Magic:  0/6        EV:  9    Int:  8    God:
Gold:   217        SH:  5    Dex: 15    Spells: 4/4 levels left

rFire   . . .      SeeInvis .   a - +0 rapier
rCold   . . .      Faith    .   c - +0 buckler
rNeg    . . .      Spirit   +   b - +0 scale mail
rPois   .          Reflect  .   (no helmet)
rElec   .          Harm     .   (no cloak)
rCorr   .          Rampage  .   (no gloves)
Will    +....                   h - +0 pair of boots
Stlth   +.........              (no amulet)
HPRegen 0.89/turn               o - ring of willpower
MPRegen 0.10/turn               (no ring)

@: no status effects
A: fangs 2, regeneration 1, magic shield, antimagic bite, no potion heal 2
a: no special abilities


You were on level 3 of the Dungeon.
You visited 1 branch of the dungeon, and saw 3 of its levels.

You collected 217 gold pieces.

Inventory:

Hand Weapons
 a - a +0 rapier (weapon)
Missiles
 f - 4 poisoned darts (quivered)
 i - 48 stones
 p - 2 boomerangs
Armour
 b - a +0 scale mail (worn)
 c - a +0 buckler (worn)
 h - a +0 pair of boots (worn)
Jewellery
 o - a ring of willpower (left hand)
Scrolls
 e - a scroll of enchant armour {unknown}
 j - 3 scrolls of teleportation
 q - a scroll of amnesia {unknown}
Potions
 d - 2 potions of might
 g - a potion of brilliance
 k - a potion of haste
 l - a potion of flight {unknown}
 m - a potion of attraction {unknown}
 n - a potion of curing {unknown}
 r - a potion of cancellation {unknown}
 s - a potion of degeneration {unknown}


   Skills:
 * Level 3.9 Fighting
 * Level 3.4 Short Blades
 - Level 2.4 Armour
 + Level 2.5 Stealth
 - Level 2.6 Shields


You had 4 spell levels left.
You didn't know any spells.
Your spell library was empty.

Dungeon Overview and Level Annotations

Branches:
Dungeon (3/15)

Altars:
Okawaru


Innate Abilities, Weirdness & Mutations

You have extremely sharp teeth.
Your natural rate of healing is unusually fast.
When hurt, damage is shared between your health and your magic reserves.
Your bite disrupts and absorbs the magic of your enemies.
Potions cannot restore your health.


Message History

You hit the gnoll but do no damage. Your bite misses the gnoll.
The gnoll hits you with a +0 flail!
The gnoll throws a throwing net.
You block the throwing net.
You hit the gnoll. Your bite misses the gnoll.
The gnoll is heavily wounded.
The gnoll hits you with a +0 flail.
The gnoll throws a throwing net.
The throwing net barely misses you.
You closely miss the gnoll. Your bite misses the gnoll.
The gnoll is heavily wounded.
The gnoll hits you with a +0 flail.
You are too injured to fight recklessly!
You are too injured to fight recklessly!
You are too injured to fight recklessly!
You hit the gnoll but do no damage. You bite the gnoll. You drain its power.
You feel invigorated.
The gnoll is severely wounded.
The gnoll hits you with a +0 flail.
You puncture the gnoll!
You kill the gnoll!
The gnoll hits you but does no damage. The gnoll hits you with a +0 club.
Things that are here:
a +0 flail; a gnoll corpse You puncture the gnoll!
The gnoll is heavily wounded.
The gnoll closely misses you.
The gnoll hits you from afar with a +0 halberd.
You are too injured to fight recklessly!
You are too injured to fight recklessly!
You hit the gnoll.
The gnoll is almost dead.
The gnoll hits you with a +0 club. The gnoll barely misses you.
The gnoll hits you but does no damage.
The gnoll hits you from afar with a +0 halberd!
* * * LOW HITPOINT WARNING * * *
You barely miss the gnoll. You bite the gnoll.
You kill the gnoll!
You block the gnoll's attack. The gnoll hits you with a +0 halberd.
You die...

...#
##≈≈P≈P≈≈.......≈...##
..##
##≈P≈≈≈≈≈≈≈P≈≈.≈≈≈P..##
#≈≈P≈≈≈≈≈≈≈≈≈≈≈≈≈≈≈..#
##♣≈≈≈≈≈≈≈≈≈≈≈≈≈P♣#..#
#≈♣≈≈P≈≈≈≈≈≈≈≈≈##.###
###♣♣≈≈≈≈≈≈≈≈≈♣##.# #
..##....(.♣≈P♣P≈≈♣ #.#
# .......))..♣♣♣♣♣♣#
#.# # #......@....# #.#
# #.....g....># #.# #
#.........#.# ##.# #
#.........#.# #..# #
#.........#.# ##.## #
#...>.....# #..# #
#.........# #.## #
#.........# #.# # #.# #


You could see a gnoll.

Vanquished Creatures
  An orc priest (D:3)
  6 gnolls (D:3)
  An adder (D:2)
  A dart slug (D:1)
  7 orcs (D:3)
  8 ball pythons
  An endoplasm (D:1)
  9 goblins
  2 hobgoblins
  2 quokkas
  4 bats
  6 frilled lizards
  5 kobolds
  7 rats
60 creatures vanquished.

Vanquished Creatures (others)
  2 plants (D:3)
2 creatures vanquished.

Grand Total: 62 creatures vanquished

Notes
Turn   | Place    | Note
-------+----------+-------------------------------------------
     0 | D:1      | porpoise the Vine Stalker Fighter began the quest for the
                  | Orb.
     0 | D:1      | Reached XP level 1. HP: 11/11 MP: 2/2
   188 | D:1      | Reached XP level 2. HP: 5/16 MP: 1/3
   450 | D:1      | Reached skill level 1 in Stealth
  1014 | D:1      | Reached XP level 3. HP: 20/20 MP: 4/4
  1982 | D:2      | Found a faded altar of an unknown god.
  2142 | D:3      | Found an iron altar of Okawaru.
  2197 | D:3      | Gained mutation: Your natural rate of healing is unusually
                  | fast. [Vine Stalker growth]
  2197 | D:3      | Reached XP level 4. HP: 24/24 MP: 5/5
  2437 | D:3      | Reached XP level 5. HP: 7/29 MP: 1/6
  2706 | D:3      | Slain by a gnoll

Illustrated notes

Levels and vault maps discovered:
D:1:      dpeg_arrival_shrine, layout_basic
D:2:      layout_basic, dreamdust_ecumenical_altar_statues
D:3:      layout_basic, nicolae_overflow_crystal_walls, serial_bayou,
          serial_bayou_ford_a, serial_bayou_shore_b, serial_bayou_pond_d

Skill      XL: |  1  2  3  4 |
---------------+-------------+-----
Short Blades   | 2 3 |  3.4
Fighting       | 3 |  3.9
Stealth        | 1 2 |  2.5
Armour         | |  2.4
Shields        | |  2.6

Action                   |  1- 3 |  4- 6 || total
-------------------------+-------+-------++-------
Melee: Rapier            |    91 |    47 ||   138
       Bite              |    15 |    17 ||    32
  Use: Scroll            |     4 |       ||     4
Armor: Scale mail        |    25 |    18 ||    43
Dodge: Dodged            |    28 |    13 ||    41
Block: Buckler           |    20 |    13 ||    33

Table legend: (Time is in decaauts)
 A = Elapsed time spent in this place.
 B = Non-inter-level travel time spent in this place.
 C = Inter-level travel time spent in this place.
 D = Time resting spent in this place.
 E = Time spent auto-exploring this place.
 F = Levels seen in this place.
 G = Mean time per level.
                   A        B        C        D        E       F      G
               +--------+--------+--------+--------+--------+-----+--------+
         Total |   2733 |   2674 |     59 |    921 |   1303 |   3 |  911.0 |
       Dungeon |   2733 |   2674 |     59 |    921 |   1303 |   3 |  911.0 |
               +--------+--------+--------+--------+--------+-----+--------+

Top non-repeatable levels by time:
     D:1: 1244 daAuts
     D:2: 875 daAuts
     D:3: 612 daAuts
